 Dungeon Crawl Stone Soup version 0.29.1-15-g9cfb28693d (webtiles) character file.

Game seed: 2281960113903874834

521 ChrisAssaf the Sneak (level 7, -1/51 HPs)
             Began as a Human Brigand on Apr 10, 2023.
             Was an Elder of Jiyva.
             Slain by Menkaure (22 damage)
             ... on level 6 of the Dungeon.
             The game lasted 00:15:06 (2922 turns).

ChrisAssaf the Sneak (Human Brigand)                Turns: 2922, Time: 00:15:07

Health: -1/51      AC:  5    Str: 11    XL:     7   Next: 46%
Magic:  10/10      EV: 12    Int: 13    God:    Jiyva [****..]
Gold:   137        SH:  0    Dex: 15    Spells: 5/10 levels left

rFire   . . .      SeeInvis .   a - +3 dagger
rCold   + . .      Faith    .   (no shield)
rNeg    . . .      Spirit   .   p - +2 robe of Untold Secrets {rElec Will+}
rPois   .          Reflect  .   (no helmet)
rElec   +          Harm     .   c - +0 cloak
rCorr   +          Rampage  .   (no gloves)
Will    +....                   (boots unavailable)
Stlth   +++.......              (no amulet)
HPRegen 1.45/turn               k - ring of protection from cold
MPRegen 0.52/turn               (no ring)

@: no status effects
A: hooves 3, engulf
a: Renounce Religion, Oozemancy, Slimify


You were on level 6 of the Dungeon.
You worshipped Jiyva.
Jiyva was greatly pleased with you.
You visited 1 branch of the dungeon, and saw 6 of its levels.
You also visited: Ossuary.

You collected 137 gold pieces.

Inventory:

Hand Weapons
 a - a +3 dagger (weapon)
Missiles
 d - 23 poisoned darts
 e - 3 curare-tipped darts (quivered)
Armour
 b - a +0 robe
 c - a +0 cloak (worn)
 p - the +2 robe of Untold Secrets (worn) {rElec Will+}
   (You found it on level 3 of the Dungeon)

   rElec:     It insulates you from electricity.
   Will:      It increases your willpower.
Jewellery
 h - a +6 ring of dexterity
 k - a ring of protection from cold (left hand)
 l - a ring of positive energy
Scrolls
 f - a scroll of silence
 g - a scroll of enchant armour
 i - 2 scrolls of amnesia
 n - a scroll of identify
Potions
 j - 2 potions of brilliance {unknown}
 m - a potion of curing
 o - a potion of berserk rage {unknown}
 r - 2 potions of invisibility {unknown}
 s - a potion of heal wounds {unknown}


   Skills:
 * Level 2.9 Fighting
 * Level 3.3 Short Blades
 * Level 2.7 Throwing
 * Level 1.6 Armour
 * Level 2.5 Dodging
 * Level 5.4 Stealth
 * Level 2.0 Spellcasting
 * Level 1.1 Conjurations
 * Level 1.5 Transmutations
 * Level 1.3 Air Magic


You had 5 spell levels left.
You knew the following spells:

 Your Spells              Type           Power      Damage    Failure   Level
a - Beastly Appendage     Tmut           10%        N/A       14%         1
b - Static Discharge      Conj/Air       4%         3-4/arc   22%         2
c - Call Imp              Summ           1%         N/A       36%         2

Your spell library contained the following spells:

 Spells                   Type           Power      Damage    Failure   Level
 Magic Dart               Conj           16%        1d3       16%         1
 Wereblood                Tmut           5%         N/A       21%         2
 Mephitic Cloud           Conj/Pois/Air  3%         N/A       47%         3
 Spider Form              Tmut/Pois      3%         N/A       50%         3
 Manifold Assault         Tloc           1%         N/A       100%        5
 Conjure Ball Lightning   Conj/Air       2%         3x3d6     100%        6


Dungeon Overview and Level Annotations

Branches:
Dungeon (6/15)            Ossuary (visited)
 Temple: D:4-7

Altars:
Jiyva

Annotations:
D:6 Menkaure


Innate Abilities, Weirdness & Mutations

You have hooves in place of feet.
Your melee attacks may engulf your foes in ooze.


Message History

You hit something.
A sky beast appears from thin air!
Reactivating autopickup.
The sky beast hits you but does no damage.
The scorpion closely misses you.
The sky beast hits you but does no damage.
You hit the sky beast but do no damage. Your kick misses the sky beast.
The sky beast is heavily wounded.
The scorpion stings you but does no damage.
Menkaure casts a spell.
Menkaure seems to speed up.
The sky beast hits you. The sky beast shocks you. You resist.
The scorpion stings you.
You hit the sky beast but do no damage.
You claw the sky beast, but do no damage.
The sky beast is heavily wounded.
You feel yourself speed up. The scorpion barely misses you.
The sky beast flickers out of sight!
Deactivating autopickup; reactivate with Ctrl-A.
Something hits you but does no damage.
You hit the scorpion.
You engulf the scorpion in ooze!
The scorpion is severely wounded.
The scorpion is asphyxiated!
You kill the scorpion!
A sky beast appears from thin air!
Reactivating autopickup.
The sky beast hits you but does no damage.
You hit the sky beast. You claw the sky beast.
The sky beast is severely wounded.
Menkaure hits you!
* * * LOW HITPOINT WARNING * * *
The sky beast closely misses you.
Unknown command.
It was a potion of curing.
You feel better. Menkaure closely misses you.
The sky beast hits you but does no damage.
Menkaure calls on the powers of darkness!
The sky beast convulses!
Your body is wracked with pain!
* * * LOW HITPOINT WARNING * * *
You feel better.
Your horns disappear.
Your talons disappear.
Menkaure hits you!!
You die...

..... ....
#... #... #..#
#.)# #MY#
#)@## #...#
###########..#
#............#
#.############
#.########
#.<......#
########.#


You could see a sky beast and Menkaure (fast).

Vanquished Creatures
  Sigmund (D:2)
  A wraith (Ossuary)
  An ice beast (D:5)
  A black bear (D:5)
  A kobold brigand (D:6)
  2 scorpions
  2 hounds (D:5)
  An iguana (D:4)
  A mummy (Ossuary)
  An adder (D:4)
  A worm (D:4)
  3 orcs (D:3)
  5 ball pythons
  3 bats
  3 giant cockroaches
  A goblin (D:1)
  6 hobgoblins
  A quokka (D:1)
  2 frilled lizards
  6 gnoll skeletons (Ossuary)
  4 kobolds
  6 kobold skeletons (Ossuary)
  13 orc skeletons (Ossuary)
  2 rats
68 creatures vanquished.

Vanquished Creatures (collateral kills)
  A worm (D:4)
  A ball python (D:4)
  A kobold (D:6)
3 creatures vanquished.

Vanquished Creatures (others)
  4 jellies
  Terence (D:2)
  An adder (D:4)
  The ghost of hawla the Firebug, a weakling MeFE (D:3)
  3 endoplasms (D:2)
  An orc (D:4)
  A goblin (D:4)
  7 kobolds
  A quokka (D:2)
  A frilled lizard (D:2)
  2 withered plants (D:3)
23 creatures vanquished.

Grand Total: 94 creatures vanquished

Notes
Turn   | Place    | Note
-------+----------+-------------------------------------------
     0 | D:1      | ChrisAssaf the Human Brigand began the quest for the Orb.
     0 | D:1      | Reached XP level 1. HP: 16/16 MP: 1/1
     6 | D:1      | Noticed a scorpion
     6 | D:1      | Noticed a komodo dragon
     6 | D:1      | Noticed a polar bear
     7 | D:1      | Noticed a rime drake
     7 | D:1      | Noticed a hog
   264 | D:2      | Found a faded altar of an unknown god.
   269 | D:2      | Reached XP level 2. HP: 19/22 MP: 2/2
   276 | D:2      | Prayed at the altar of an unknown god.
   276 | D:2      | Became a worshipper of Jiyva Jinyster the Shapeless
   276 | D:2      | Reached * piety under Jiyva
   369 | D:2      | Got the Cyclopedia of Peregrination and Fog
   568 | D:2      | Reached ** piety under Jiyva
   712 | D:2      | Noticed Sigmund
   733 | D:2      | Killed Terence
   906 | D:1      | Learned a level 1 spell: Beastly Appendage
  1194 | D:1      | Reached XP level 3. HP: 27/27 MP: 3/3
  1498 | D:2      | Killed Sigmund
  1499 | D:2      | Reached XP level 4. HP: 33/33 MP: 4/4
  1872 | D:3      | Found a faded altar of an unknown god.
  1896 | D:3      | Identified the +2 robe of Untold Secrets {rElec Will+}
  2041 | D:3      | Reached *** piety under Jiyva
  2052 | D:3      | Gained mutation: You have large cloven feet. [Jiyva's
                  | grace]
  2052 | D:3      | Gained mutation: You have hoof-like feet. [Jiyva's grace]
  2052 | D:3      | Gained mutation: You have hooves in place of feet. [Jiyva's
                  | grace]
  2052 | D:3      | Gained mutation: Your melee attacks may engulf your foes in
                  | ooze. [Jiyva's grace]
  2099 | D:3      | Found a runed translucent door.
  2099 | D:3      | Noticed hawla's ghost (weakling MeFE)
  2123 | D:3      | Killed hawla's ghost
  2241 | D:4      | Reached skill level 5 in Stealth
  2244 | D:4      | Reached XP level 5. HP: 37/39 MP: 5/5
  2479 | D:4      | Found a sand-covered staircase.
  2488 | Ossuary  | Entered an ossuary
  2488 | Ossuary  | Noticed a wraith
  2488 | Ossuary  | Noticed a wraith
  2488 | Ossuary  | Noticed a wraith
  2561 | Ossuary  | Learned a level 2 spell: Static Discharge
  2720 | Ossuary  | Noticed a wraith
  2746 | Ossuary  | Killed a wraith
  2747 | Ossuary  | Reached skill level 1 in Spellcasting
  2747 | Ossuary  | Reached skill level 1 in Transmutations
  2747 | Ossuary  | Reached XP level 6. HP: 18/46 MP: 3/7
  2812 | D:5      | Entered Level 5 of the Dungeon
  2812 | D:5      | Noticed an ice beast
  2814 | D:5      | Reached skill level 1 in Armour
  2815 | D:5      | Reached **** piety under Jiyva
  2817 | D:5      | Noticed a black bear
  2825 | D:5      | Killed an ice beast
  2826 | D:5      | Reached skill level 1 in Air Magic
  2834 | D:5      | Killed a black bear
  2835 | D:5      | Reached skill level 1 in Conjurations
  2835 | D:5      | Reached XP level 7. HP: 25/51 MP: 4/9
  2843 | D:5      | Identified the +4 chain mail "Qenwuit" {Harm SInv}
  2889 | D:6      | Learned a level 2 spell: Call Imp
  2911 | D:6      | Noticed Menkaure
  2922 | D:6      | Slain by Menkaure

Illustrated notes

Levels and vault maps discovered:
D:1:      onia_arrival_zoo_common, layout_basic
D:2:      layout_loops_ring, shapermc_ecumenical_altar_totnotflames,
          minmay_door_square, uniq_sigmund, uniq_terence
D:3:      layout_basic, nicolae_overflow_ecumenical_swirl, gammafunk_ghost_grave
D:4:      layout_basic, chequers_ossuary_entry_cave
D:5:      layout_basic, nicolae_sif_muna_condensation, lemuel_temple_firewalk_b,
          gammafunk_ghost_grave, st_stairs_4
D:6:      layout_loops_ring, hangedman_abyss_or_decor_stagger,
          uniq_crazy_yiuf_cottage, uniq_maggie, uniq_menkaure

Skill      XL: |  1  2  3  4  5  6  7 |
---------------+----------------------+-----
Stealth        | 5 |  5.4
Spellcasting   | 1 2 |  2.0
Transmutations | 1 |  1.5
Short Blades   | 3 |  3.3
Armour         | 1 |  1.6
Dodging        | 2 |  2.5
Air Magic      | 1 |  1.3
Conjurations   | 1 |  1.1
Fighting       | |  2.9
Throwing       | |  2.7

Action                   |  1- 3 |  4- 6 |  7- 9 || total
-------------------------+-------+-------+-------++-------
Melee: Dagger            |    47 |   102 |    14 ||   163
       Kick              |       |    31 |     4 ||    35
       Headbutt          |       |     9 |     1 ||    10
       Punch             |       |     1 |       ||     1
Throw: Dart              |     9 |       |       ||     9
 Cast: Beastly Appendage |       |     8 |     2 ||    10
       Static Discharge  |       |    10 |     1 ||    11
       Call Imp          |       |       |     1 ||     1
  Use: Scroll            |     2 |     8 |       ||    10
       Potion            |       |     1 |     2 ||     3
 Stab: Sleeping          |     3 |     3 |       ||     6
Armor: Robe              |    14 |    41 |     9 ||    64
Dodge: Dodged            |    32 |    87 |    18 ||   137
